 Dungeon Crawl Stone Soup version 0.25-a0-571-gb5e01bddfa (webtiles) character file.

Game seed: 15542183459041446, levelgen mode: deterministic

142156 Froggeryz the Bludgeoner (level 17, -2/114 HPs)
             Began as a Gargoyle Gladiator on Feb 29, 2020.
             Was the Champion of Okawaru.
             Slain by a spark wasp (4 damage)
             ... on level 3 of the Spider Nest.
             The game lasted 01:04:38 (28816 turns).

Froggeryz the Bludgeoner (Gargoyle Gladiator)      Turns: 28816, Time: 01:04:39

Health: -2/114     AC: 38    Str: 22    XL:     17   Next: 34%
Magic:  22/22      EV:  9    Int:  8    God:    Okawaru [******]
Gold:   1073       SH:  0    Dex: 14    Spells: 16/16 levels left

rFire    + + .     SeeInvis +   h - +5 eveningstar (freeze)
rCold    + + +     Gourm    .   (no shield)
rNeg     + . .     Faith    .   H - +3 chain mail of the Duke {rC+++ MR+ Int-3}
rPois    ∞         Spirit   .   V - +0 helmet {SInv}
rElec    +         Reflect  .   S - scarf {rC+ rF+}
rCorr    .         Harm     .   e - +1 pair of gloves
MR       +++..                  i - +2 pair of boots {run}
Stlth    ..........             q - amulet of regeneration
HPRegen  0.69/turn              F - ring of fire
MPRegen  0.18/turn              Y - ring of Meaf {MR+ AC+3 Dex+2}

@: flying, quick
A: big wings, negative energy resistance 1, electricity resistance, unbreathing,
petrification resistance, rot immunity, AC +12
a: Stop Flying, Heroism, Finesse, Renounce Religion


You were on level 3 of the Spider Nest.
You worshipped Okawaru.
Okawaru was exalted by your worship.
You were not hungry.

You visited 6 branches of the dungeon, and saw 28 of its levels.
You also visited: Ossuary.

You collected 2959 gold pieces.
You spent 1886 gold pieces at shops.

Inventory:

Hand Weapons
 h - a +5 eveningstar of freezing (weapon)
 N - a +1 dire flail of holy wrath
Missiles
 d - 3 throwing nets (quivered)
 j - 8 curare-tipped darts
 O - 2 javelins
Armour
 e - a +1 pair of gloves (worn)
 i - a +2 pair of boots of running (worn)
 H - the +3 chain mail of the Duke (worn) {rC+++ MR+ Int-3}
   (You found it on level 6 of the Lair of Beasts)

   It affects your intelligence (-3).
   It renders you almost immune to cold.
   It affects your resistance to hostile enchantments.
   If you remove this armour, your AC will decrease by 15 (38 -> 23).
 L - a +0 tower shield
 S - a scarf of resistance (worn)
 V - a +0 helmet of see invisible (worn)
Jewellery
 a - an uncursed ring of protection from cold
 m - an uncursed ring of resist corrosion
 n - an uncursed amulet of magic regeneration
 q - an amulet of regeneration (around neck)
 w - an uncursed amulet of harm {unknown}
 F - a ring of fire (left hand)
 M - a +2 ring of protection
 Y - the ring of Meaf (right hand) {MR+ AC+3 Dex+2}
   (You bought it in a shop on level 15 of the Dungeon)

   [ring of protection]

   It affects your AC (+3).
   It affects your dexterity (+2).
   It affects your resistance to hostile enchantments.
Wands
 b - a wand of acid (6)
 t - a wand of enslavement (9)
 u - a wand of random effects (54)
 z - a wand of iceblast (1)
 B - a wand of paralysis (29)
 P - a wand of disintegration (21)
Scrolls
 g - 9 scrolls of remove curse
 k - 5 scrolls of magic mapping
 l - a scroll of fear
 v - 9 scrolls of teleportation
 y - a scroll of acquirement
 A - 5 scrolls of fog
 E - 5 scrolls of enchant armour
 I - 2 scrolls of vulnerability
 J - 3 scrolls of immolation
 R - 2 scrolls of silence
Potions
 o - 3 potions of invisibility {unknown}
 p - 3 potions of cancellation
 r - 7 potions of curing
 C - 4 potions of haste
 D - a potion of might
 Q - a potion of mutation
Miscellaneous
 T - a box of beasts
Comestibles
 c - a chunk of flesh
 f - 43 rations


   Skills:
 - Level 15.6 Fighting
 - Level 16.3 Maces & Flails
 - Level 8.6 Throwing
 - Level 12.0 Armour
 - Level 2.4 Dodging
 * Level 14.2 Shields
 - Level 5.0 Invocations
 - Level 7.6 Evocations


You had 16 spell levels left.
You didn't know any spells.
Your spell library contained the following spells:

 Spells                   Type           Power        Failure   Level  Hunger
 Corona                   Hex            #......      94%         1    ##.....
 Foxfire                  Conj/Fire      #...         94%         1    ##.....
 Freeze                   Ice            #...         94%         1    ##.....
 Sandblast                Erth           #.....       94%         1    ##.....
 Ensorcelled Hibernation  Hex/Ice        #.....       98%         2    ###....
 Passwall                 Tmut/Erth      #.......     98%         2    ###....
 Confusing Touch          Hex            #.......     100%        3    ####...
 Conjure Flame            Conj/Fire      #.......     100%        3    ####...
 Dazzling Flash           Conj/Hex       #.....       100%        3    ####...
 Frozen Ramparts          Ice            #.....       100%        3    ####...
 Inner Flame              Hex/Fire       #.......     100%        3    ####...
 Ozocubu's Armour         Chrm/Ice       #.......     100%        3    ####...
 Stone Arrow              Conj/Erth      #.....       100%        3    ####...
 Tukima's Dance           Hex            #.......     100%        3    ####...
 Cause Fear               Hex            #.........   100%        4    #####..
 Hailstorm                Conj/Ice       #.......     100%        4    #####..
 Petrify                  Tmut/Erth      #.......     100%        4    #####..
 Sticky Flame             Conj/Fire      #.......     100%        4    #####..
 Summon Ice Beast         Ice/Summ       #.......     100%        4    #####..
 Borgnjor's Vile Clutch   Necr/Erth      #.........   100%        5    ######.
 Fireball                 Conj/Fire      #.........   100%        5    ######.
 Irradiate                Conj/Tmut      #.........   100%        5    ######.
 Lee's Rapid Deconstruct  Erth           #.........   100%        5    ######.
 Silence                  Hex/Air        #.........   100%        5    ######.
 Yara's Violent Unravell  Hex/Tmut       #.........   100%        5    ######.
 Darkness                 Hex            #.........   100%        6    #######
 Deflect Missiles         Chrm/Air       #.........   100%        6    #######
 Hydra Form               Tmut           #.........   100%        6    #######
 Shadow Creatures         Summ           N/A          100%        6    #######
 Dragon Form              Tmut           #.........   100%        7    #######
 Discord                  Hex            #.........   100%        8    #######
 Statue Form              Tmut/Erth      Unusable     N/A         6    N/A

Dungeon Overview and Level Annotations

Branches:
Dungeon (15/15)            Temple (1/1) D:7            Lair (6/6) D:9
 Shoals (0/4) Lair:4       Spider (3/4) Lair:3        Slime (0/5) Lair:6
    Orc (2/2) D:11            Elf (0/3) Orc:2        Vaults (0/5) D:13
 Depths (1/5) D:15        Ossuary (visited)

Altars:
Dithmenos
Elyvilon
Fedhas
Gozag
Hepliaklqana
Kikubaaqudgha
Makhleb
Nemelex Xobeh
Okawaru
Ru
Sif Muna
Trog
Uskayaw
Vehumet
Wu Jian
Xom
Yredelemnul
Zin
The Shining One
Beogh

Shops:
D:11 !   D:14 ?   D:15 }[=   Orc:2 (*?*

Portals:
Trove: D:13 (give 7 potions of stabbing)

Annotations:
Lair:5 exclusion: 2 oklob plants


Innate Abilities, Weirdness & Mutations

You are resistant to torment.
Your stone body is resilient. (AC +12)
You are immune to poison.
Your large and strong wings let you fly indefinitely.
You resist negative energy. (rN+)
You are resistant to electric shocks. (rElec)
You can survive without breathing.
You are immune to petrification.
You are immune to rotting.


Message History

* * * LOW HITPOINT WARNING * * *
The redback closely misses you.
The redback bites you but does no damage.
You barely miss the spark wasp.
The spark wasp is severely wounded.
The spark wasp stings you!
* * * LOW HITPOINT WARNING * * *
The spark wasp shocks you. You resist.
* * * LOW HITPOINT WARNING * * *
The demonic crawler barely misses you.
The demonic crawler hits you but does no damage. x2
The redback bites you.
* * * LOW HITPOINT WARNING * * *
The redback bites you but does no damage.
You barely miss the spark wasp.
The spark wasp is severely wounded.
The spark wasp stings you!
* * * LOW HITPOINT WARNING * * *
The spark wasp shocks you. You resist.
You die...

....≈###.#≈### ≈..##
...≈#.#......##^...#
..##..^......##....#
..^#......^.###.^.#####
...#....##..#[........##
.###...#^...≈........?..
## #...#...###..........
.........#...sy......#
.......#....†s@#..#.
^.>.....#.....s## ≈#
###.....≈#.....^}s.≈≈#
...##...........##
#...........[#
......#######≈≈ .^..^.
.# ..... # ....


You could see a spark wasp, a demonic crawler and 2 redbacks.

Vanquished Creatures
  Rupert (Lair:3)
  Frances (D:13)
  A frost giant (D:15)
  2 ghost moths (Spider:2)
  Aizul (Spider:1)
  An entropy weaver (Lair:3)
  A stone giant (Depths:1)
  A vampire knight (Depths:1)
  Azrael (Spider:2)
  A spark wasp (Spider:3)
  2 fire dragons (Lair:6)
  2 vault guards (D:13)
  7 hydras
  2 centaur warriors (D:15)
  25 two-headed ogres
  A vampire mage (D:15)
  9 death yaks
  The ghost of Thargor the Magician, a novice GnWr of the Shining One (D:10)
  5 ogre magi
  Urug (Lair:3)
  Sonja (Lair:4)
  A skeletal warrior (D:15)
  An unseen horror (D:10)
  A flayed ghost (Depths:1)
  A lindwurm (Lair:6)
  A swamp dragon (Lair:6)
  2 orc knights
  5 orb spiders
  A necromancer (D:15)
  The ghost of Piu the Insei, a novice GnTm (D:6)
  9 ugly things
  13 wolf spiders
  An orc sorcerer (Orc:2)
  9 slime creatures
  2 deep elf magi (D:15)
  A moth of wrath (Spider:1)
  5 cyclopes
  A stone giant zombie (D:15)
  A fire giant skeleton (D:15)
  8 black mambas
  5 torpor snails (Lair:6)
  19 elephants
  2 gargoyles
  12 spiny frogs
  3 rime drakes
  A kobold demonologist (D:15)
  An efreet (D:14)
  5 demonic crawlers
  7 komodo dragons
  A yaktaur (shapeshifter) (D:15)
  A guardian mummy (D:15)
  13 jumping spiders
  A queen bee (D:6)
  4 tyrant leeches (Lair:6)
  9 hornets
  A meliai (shapeshifter) (Depths:1)
  6 trolls
  Grinder (D:4)
  13 blink frogs
  3 polar bears
  8 hippogriffs
  A snapping turtle (Lair:4)
  A shadow (D:15)
  15 tarantellas
  A spriggan (D:10)
  54 yaks
  10 humans (D:13)
  36 redbacks
  3 wyverns
  2 vampires
  2 fire elementals (Spider:2)
  4 basilisks
  3 hungry ghosts
  5 wargs
  7 vampire mosquitoes (D:15)
  2 steam dragons (Lair:6)
  Edmund (D:4)
  2 acid dragons
  9 water moccasins
  A floating eye (Depths:1)
  4 ice beasts
  2 hell hounds
  5 porcupines
  25 orc warriors
  Duvessa (D:5)
  2 sky beasts
  2 black bears
  An eye of draining (D:12)
  A hornet zombie (D:7)
  3 swamp drakes (Lair:6)
  11 wolves
  6 phantoms
  2 necrophages
  43 ogres
  20 crocodiles
  4 centaurs
  A big kobold (D:9)
  Blork the orc (D:5)
  A yaktaur zombie (D:15)
  13 bullfrogs
  Dowan (D:5)
  4 scorpions
  A water moccasin zombie (D:8)
  A wyvern skeleton (D:8)
  7 killer bees (D:6)
  A tengu zombie (D:15)
  19 wights
  6 electric eels
  13 crimson imps
  6 centaur zombies
  7 howler monkeys
  2 quasits
  13 orc priests
  8 hounds
  3 iguanas
  4 jellies
  29 orc wizards
  4 centaur skeletons
  5 bullfrog skeletons
  10 worker ants
  A hound zombie (D:11)
  3 mummies (Ossuary)
  2 worker ant zombies
  A howler monkey zombie (D:7)
  4 gnolls (D:9)
  A howler monkey skeleton (D:7)
  10 adders
  9 shadow imps
  5 oozes
  5 adder zombies (Ossuary)
  An adder skeleton (D:5)
  3 worms
  3 dart slugs
  10 leopard geckos
  87 orcs
  8 giant cockroaches
  14 hobgoblins
  14 jackals
  12 kobolds
  3 quokkas
  A ball python (D:4)
  8 bats
  7 frilled lizards
  11 goblins
  5 goblin zombies (Ossuary)
  3 hobgoblin zombies (Ossuary)
  A jackal skeleton (D:9)
  A kobold zombie (Ossuary)
  2 leopard gecko skeletons
  2 quokka zombies (Ossuary)
  8 rats
  2 rat zombies (Ossuary)
  A plant (Lair:6)
946 creatures vanquished.

Vanquished Creatures (others)
  A water moccasin (Lair:6)
  2 orcs (D:14)
  5 fungi
  28 plants
36 creatures vanquished.

Grand Total: 982 creatures vanquished

Notes
Turn   | Place    | Note
-------+----------+-------------------------------------------
     0 | D:1      | Froggeryz the Gargoyle Gladiator began the quest for the
                  | Orb.
     0 | D:1      | Reached XP level 1. HP: 12/12 MP: 1/1
    17 | D:1      | Reached XP level 2. HP: 16/17 MP: 2/2
   179 | D:1      | Reached skill level 4 in Maces & Flails
   232 | D:1      | Reached XP level 3. HP: 21/21 MP: 3/3
   825 | D:2      | Reached XP level 4. HP: 26/26 MP: 4/4
   967 | D:2      | Reached skill level 5 in Maces & Flails
  1418 | D:2      | Found a radiant altar of Vehumet.
  1570 | D:3      | Reached XP level 5. HP: 30/30 MP: 5/5
  1576 | D:3      | Found a white marble altar of Elyvilon.
  1827 | D:3      | Found a basalt altar of Yredelemnul.
  1980 | D:3      | Reached skill level 6 in Maces & Flails
  2402 | D:4      | Got a jewelled leather armour
  2406 | D:4      | Identified the +0 leather armour of the Several Seas {-Tele
                  | rN+++ MP+9} (You found it on level 4 of the Dungeon)
  2452 | D:4      | Noticed Grinder
  2474 | D:4      | Killed Grinder
  2474 | D:4      | Reached skill level 7 in Maces & Flails
  2474 | D:4      | Reached XP level 6. HP: 23/35 MP: 6/6
  2492 | D:4      | Reached XP level 7. HP: 29/40 MP: 7/7
  2670 | D:4      | Found a sand-covered staircase.
  2678 | Ossuary  | Entered an ossuary
  2951 | D:4      | Reached skill level 8 in Maces & Flails
  2957 | D:4      | Noticed Edmund
  2971 | D:4      | Killed Edmund
  3260 | D:5      | Entered Level 5 of the Dungeon
  3267 | D:5      | Noticed Duvessa
  3270 | D:5      | Noticed Dowan
  3278 | D:5      | Killed Duvessa
  3309 | D:5      | Killed Dowan
  3513 | D:5      | Noticed Blork the orc
  3524 | D:5      | Killed Blork the orc
  3524 | D:5      | Reached XP level 8. HP: 38/48 MP: 8/8
  3630 | D:5      | Got a shimmering lapis lazuli ring
  3669 | D:5      | Reached skill level 9 in Maces & Flails
  4422 | D:6      | Reached skill level 5 in Fighting
  4443 | D:6      | Reached skill level 10 in Maces & Flails
  4648 | D:6      | Identified the cursed ring of Moral Flaws {rPois MP+9 AC-6
                  | Str+4} (You found it on level 5 of the Dungeon)
  4654 | D:6      | Noticed a queen bee
  4657 | D:6      | Found a transporter.
  4662 | D:6      | Found a transporter.
  4662 | D:6      | Noticed Piu's ghost (novice GnTm)
  4698 | D:6      | Reached XP level 9. HP: 39/55 MP: 9/9
  4731 | D:6      | Killed Piu's ghost
  4731 | D:6      | Reached skill level 11 in Maces & Flails
  4886 | D:6      | Killed a queen bee
  5257 | D:7      | Reached skill level 1 in Armour
  5620 | D:7      | Reached skill level 12 in Maces & Flails
  5620 | D:7      | Reached XP level 10. HP: 38/63 MP: 10/10
  5756 | D:7      | Found a staircase to the Ecumenical Temple.
  5774 | Temple   | Entered the Ecumenical Temple
  5823 | Temple   | Became a worshipper of Warmaster Okawaru
  5959 | D:7      | Found an ancient bone altar of Kikubaaqudgha.
  6051 | D:7      | Found a hazy altar of Hepliaklqana.
  6092 | D:7      | Found a shimmering blue altar of Sif Muna.
  6622 | D:8      | Got a polished cloak
  6628 | D:8      | Identified the cursed +0 cloak of Recklessness {+Inv Str+4}
                  | (You found it on level 8 of the Dungeon)
  6879 | D:7      | Reached skill level 5 in Armour
  7247 | D:8      | Reached * piety under Okawaru
  7702 | D:8      | Found a shimmering altar of Xom.
  7704 | D:8      | Found a stormy altar of Qazlal.
  7704 | D:8      | Found a shimmering blue altar of Sif Muna.
  7706 | D:8      | Found a sacrificial altar of Ru.
  7706 | D:8      | Found a hazy altar of Hepliaklqana.
  7706 | D:8      | Found a shadowy altar of Dithmenos.
  7761 | D:8      | Found a burning altar of Makhleb.
  8244 | D:9      | Reached skill level 1 in Invocations
  8247 | D:9      | Reached ** piety under Okawaru
  8583 | D:9      | Found a staircase to the Lair.
  8951 | Lair:1   | Entered Level 1 of the Lair of Beasts
  8968 | Lair:1   | Reached *** piety under Okawaru
  8968 | Lair:1   | Reached skill level 5 in Invocations
  8968 | Lair:1   | Reached XP level 11. HP: 68/68 MP: 14/14
  9057 | Lair:1   | Reached skill level 1 in Evocations
  9403 | Lair:1   | Reached **** piety under Okawaru
 10498 | Lair:2   | Reached skill level 10 in Fighting
 10529 | Lair:2   | Reached ***** piety under Okawaru
 10830 | Lair:2   | Reached skill level 5 in Evocations
 11499 | Lair:3   | Noticed a five-headed hydra
 11505 | Lair:3   | Killed a five-headed hydra
 11505 | Lair:3   | Reached XP level 12. HP: 52/80 MP: 16/16
 11771 | Lair:3   | Found a hole to the Spider Nest.
 11830 | Lair:3   | Noticed Rupert
 12015 | Lair:3   | Received a gift from Okawaru
 12860 | Lair:3   | Noticed Urug
 12898 | Lair:3   | Killed Urug
 13476 | Lair:3   | Killed Rupert
 13820 | Spider:1 | Entered Level 1 of the Spider Nest
 13820 | Spider:1 | Noticed an entropy weaver
 14090 | Lair:3   | Received a gift from Okawaru
 14147 | Lair:4   | Reached skill level 13 in Maces & Flails
 14496 | Lair:4   | Noticed Sonja
 14520 | Lair:4   | Killed Sonja
 14520 | Lair:4   | Reached XP level 13. HP: 86/86 MP: 18/18
 15024 | Lair:4   | Found a staircase to the Shoals.
 15459 | Lair:5   | Reached skill level 10 in Armour
 15491 | Lair:5   | Reached ****** piety under Okawaru
 15494 | Lair:5   | Reached skill level 14 in Maces & Flails
 15928 | Lair:5   | Received a gift from Okawaru
 16606 | Lair:6   | Entered Level 6 of the Lair of Beasts
 16958 | Lair:6   | Found a staircase to the Slime Pits.
 16962 | Lair:6   | Got a steaming chain mail
 16969 | Lair:6   | Identified the +3 chain mail of the Duke {rC+++ MR+ Int-3}
                  | (You found it on level 6 of the Lair of Beasts)
 17019 | Lair:6   | Received a gift from Okawaru
 17033 | Lair:6   | Received a gift from Okawaru
 17033 | Lair:6   | Reached skill level 15 in Maces & Flails
 17421 | Lair:5   | Gained mutation: Your large and strong wings let you fly
                  | indefinitely. [Gargoyle growth]
 17421 | Lair:5   | Reached XP level 14. HP: 92/92 MP: 19/19
 17522 | Lair:6   | Received a gift from Okawaru
 17884 | Lair:6   | Found a runed translucent door.
 18007 | Lair:6   | Reached skill level 16 in Maces & Flails
 18086 | Lair:6   | Received a gift from Okawaru
 19060 | D:10     | Entered Level 10 of the Dungeon
 19126 | D:10     | Identified the +0 robe of Honour {-Tele rF+ Dex+2}
 19199 | D:10     | Found a runed translucent gate.
 19200 | D:10     | Found a runed translucent gate.
 19200 | D:10     | Noticed Thargor's ghost (novice GnWr)
 19201 | D:10     | Found a runed translucent gate.
 19201 | D:10     | Identified the cursed +1 quarterstaff "Niovipoh" {vorpal,
                  | rElec Stlth+}
 19201 | D:10     | Identified the +6 chain mail "Plog" {Str+4 Int+3}
 19206 | D:10     | Found a roughly hewn altar of Beogh.
 19383 | D:10     | Killed Thargor's ghost
 20375 | D:11     | Found a staircase to the Orcish Mines.
 20494 | D:11     | Found Ydghot's Distillery.
 21087 | D:12     | Reached XP level 15. HP: 100/100 MP: 20/20
 21363 | D:12     | Received a gift from Okawaru
 21390 | D:12     | Got a scorched hunting sling {god gift}
 21392 | D:12     | Identified a scroll of acquirement
 21633 | Orc:1    | Entered Level 1 of the Orcish Mines
 21637 | Orc:1    | Reached skill level 5 in Throwing
 21821 | Orc:2    | Entered Level 2 of the Orcish Mines
 22401 | Orc:2    | Received a gift from Okawaru
 22466 | Orc:2    | Reached skill level 15 in Fighting
 22493 | Orc:2    | Found Mirao's Weapon Shop.
 22493 | Orc:2    | Found Mempiak's Magic Scroll Shoppe.
 22493 | Orc:2    | Found Ukamis's Assorted Antiques.
 22493 | Orc:2    | Found Neywk's General Store.
 22505 | Orc:2    | Bought a scroll of acquirement for 1508 gold pieces
 22574 | Orc:2    | Found a staircase to the Elven Halls.
 22653 | Orc:2    | Identified a +2 pair of boots of running (Okawaru gifted it
                  | to you on level 2 of the Orcish Mines)
 23380 | D:13     | Noticed Frances
 23396 | D:13     | Found a portal to a secret trove of treasure.
 23418 | D:13     | Killed Frances
 23690 | D:13     | Got a translucent scale mail
 23691 | D:13     | Identified the +6 scale mail of Bukocoh {Slay+5} (You found
                  | it on level 13 of the Dungeon)
 23743 | D:13     | Received a gift from Okawaru
 23795 | D:13     | Found a gate to the Vaults.
 23938 | D:14     | Found Dialyoq's Magic Scroll Emporium.
 23955 | D:14     | Reached skill level 1 in Shields
 24007 | D:14     | Reached XP level 16. HP: 96/109 MP: 21/21
 24585 | D:14     | Reached skill level 5 in Shields
 24680 | D:15     | Entered Level 15 of the Dungeon
 24732 | D:15     | Received a gift from Okawaru
 24815 | D:15     | Got a heavily runed platinum ring
 24885 | D:15     | Found a staircase to the Depths.
 25058 | D:15     | Found Beleole's Jewellery Boutique.
 25068 | D:15     | Bought the ring of Meaf {MR+ AC+3 Dex+2} for 378 gold
                  | pieces
 25235 | D:15     | Reached skill level 10 in Shields
 25300 | D:15     | Found Fop Faro's Gadget Boutique.
 25705 | D:15     | Found Yniblaar's Armour Shop.
 25772 | Depths:1 | Entered Level 1 of the Depths
 26154 | Depths:1 | Identified the cursed +0 great sword "Cioboer" {vamp,
                  | Str+2}
 26589 | Lair:3   | Identified the ring "Amilu" {rN++ Int-2 Stlth+} (You found
                  | it on level 15 of the Dungeon)
 26809 | Spider:1 | Received a gift from Okawaru
 27032 | Spider:1 | You are sucked into a shaft and drop 1 floor!
 27355 | Spider:2 | Reached XP level 17. HP: 102/114 MP: 0/22
 27429 | Spider:2 | Noticed Aizul
 27431 | Spider:2 | Noticed Azrael
 27684 | Spider:1 | Killed Aizul
 27865 | Spider:2 | Killed Azrael
 28816 | Spider:3 | HP: 2/114 [spark wasp (12)]
 28816 | Spider:3 | Slain by a spark wasp

Levels and vault maps discovered:
D:1:      scummos_arrival_star, layout_rooms, serial_bayou_pond_b
D:2:      layout_loops_ring, vehumet_crystals, first_ration
D:3:      layout_loops_ring, yredelemnul_altar_generic, lemuel_doored_altar
D:4:      layout_loops_ring, chequers_ossuary_entry_cave, uniq_edmund,
          uniq_grinder
D:5:      layout_loops_ring, hangedman_decor_clover_reticule, uniq_duvessa,
          uniq_blork_the_orc
D:6:      layout_rooms, gammafunk_ghost_hive
D:7:      layout_cave_pods, lemuel_crystal_altar, kennysheep_mini_moat,
          kiku_gazebo_garden_becter, minmay_temple_entry_junction,
          chequers_big_river
D:8:      layout_cave_pools, old_standard_altar, doesnt_xom_only_xom
D:9:      layout_loops_corners, erik_lair_orcish_takeover
D:10:     layout_basic, biasface_ghost_orc_armoury, the_bakery,
          chequers_serial_rivers_room_b
D:11:     layout_gridville, orc_0_dummy, serial_shops, shop_fountains
D:12:     layout_roguey
D:13:     layout_rooms, ximxim_vaults_locker_room, enter_trove_1, uniq_frances
D:14:     lemuel_upstairs_altar, layout_irregular_city, serial_shops,
          nicolae_shop_waterfront, serial_park_paths
          [serial_park_minivault_5x5_7]
D:15:     gammafunk_depths_entry_grave, layout_cave_pods, serial_shops,
          nicolae_shop_temple_entry_statues_fountains, shop, shop, minivault_11
Temple:   jpeg_temple_clearing
Lair:1:   layout_cave_shapes, grunt_megastairs_5, lemuel_fruit_tree
Lair:2:   layout_long_grid, minivault_19
Lair:3:   layout_cave_pods, spider_nest_entry_web_field, minivault_23,
          uniq_rupert, uniq_urug
Lair:4:   layout_gridlike, minmay_shoals_entry_hut, serial_bayou_shore_a,
          uniq_sonja
Lair:5:   layout_long_grid, minmay_lair_oklob_chamber,
          infiniplex_staircase_pool_2
Lair:6:   guppyfry_lair_end_dragon, layout_loops_ring, wormcave,
          nicolae_slime_entry_slimehenge, grunt_megastairs_2
Spider:1: layout_spider_delve
Spider:2: layout_spider_delve, uniq_aizul, uniq_azrael
Spider:3: layout_spider_delve, uniq_donald
Orc:1:    layout_diamond_mine
Orc:2:    st_orc_ogre_mass, layout_caves
Depths:1: layout_cave_pools, grunt_hell_entry_dis_grunt,
          minmay_misc_feat_hallway, minmay_multi_spiral

Skill      XL: |  1  2  3  4  5  6  7  8  9 10 11 12 13 14 15 16 17 |
---------------+----------------------------------------------------+-----
Maces & Flails | 4 5 7 8 10 12 13 15 16 | 16.3
Fighting       | 3 5 7 8 11 12 13 15 | 15.6
Armour         | 3 8 9 11 12 | 12.0
Invocations    | 5 |  5.0
Evocations     | 6 7 |  7.6
Throwing       | 4 8 |  8.6
Shields        | 1 12 14 | 14.2
Dodging        | |  2.4

Action                   |  1- 3 |  4- 6 |  7- 9 | 10-12 | 13-15 | 16-18 || total
-------------------------+-------+-------+-------+-------+-------+-------++-------
Melee: Flail             |   126 |    17 |   307 |   183 |   554 |       ||  1187
       Whip              |       |   219 |   114 |   784 |       |       ||  1117
       Dire flail        |       |       |       |       |   767 |       ||   767
       Punch             |       |       |       |       |     1 |       ||     1
       Eveningstar       |       |       |       |       |   461 |   812 ||  1273
Throw: Throwing net      |       |       |     5 |       |       |       ||     5
Invok: Heroism           |       |       |       |     2 |     3 |       ||     5
       Finesse           |       |       |       |     1 |       |       ||     1
 Abil: Fly               |       |       |       |       |     2 |       ||     2
       Stop Flying       |       |       |       |       |     1 |       ||     1
Evoke: Wand              |       |       |       |     4 |     3 |       ||     7
  Use: Scroll            |       |     1 |    15 |     6 |    12 |     6 ||    40
       Potion            |       |       |     8 |     2 |     4 |     8 ||    22
 Stab: Distracted        |       |       |       |       |     1 |       ||     1
       Held in net/web   |       |       |       |       |       |     1 ||     1
  Eat: Chunk             |       |     6 |     6 |    26 |    30 |    15 ||    83
       Ration            |       |       |     1 |     1 |     1 |     1 ||     4
Armor: Leather armour    |    53 |       |       |       |       |       ||    53
       Ring mail         |       |    80 |   208 |   303 |       |       ||   591
       Chain mail        |       |       |       |    88 |   988 |  1010 ||  2086
Dodge: Dodged            |    99 |   103 |   230 |   365 |   740 |   420 ||  1957

Table legend:
 A = Non-vault XP
 B = Vault XP
 C = Vault XP percentage of total XP
 D = Non-vault monster count
 E = Vault monster count
 F = Vault count percentage of total count
                 A         B        C        D         E       F
            +---------+---------+-------+---------+---------+-------
      Total |  142554 |   60527 |  29.8 |     765 |     180 |  19.0
            +---------+---------+-------+---------+---------+-------
        D:1 |      74 |       3 |   3.9 |      34 |       3 |   8.1
        D:2 |      81 |       0 |   0.0 |      29 |       0 |   0.0
        D:3 |      90 |       0 |   0.0 |      28 |       0 |   0.0
        D:4 |     119 |     452 |  79.2 |      12 |       2 |  14.3
        D:5 |     395 |     310 |  44.0 |      20 |       3 |  13.0
        D:6 |     699 |    1314 |  65.3 |      14 |       9 |  39.1
        D:7 |    1703 |       0 |   0.0 |      30 |       0 |   0.0
        D:8 |    1795 |       0 |   0.0 |      38 |       0 |   0.0
        D:9 |    1113 |     594 |  34.8 |      26 |       8 |  23.5
       D:10 |    3096 |    1668 |  35.0 |      18 |      12 |  40.0
       D:11 |    5156 |       0 |   0.0 |      46 |       0 |   0.0
       D:12 |    6308 |       0 |   0.0 |      42 |       0 |   0.0
       D:13 |    2787 |    6319 |  69.4 |      16 |      13 |  44.8
       D:14 |    8662 |       0 |   0.0 |      32 |       0 |   0.0
       D:15 |   23061 |    3748 |  14.0 |      48 |       8 |  14.3
     Lair:1 |    3274 |       0 |   0.0 |      16 |       0 |   0.0
     Lair:2 |    5736 |       0 |   0.0 |      25 |       0 |   0.0
     Lair:3 |   10689 |    3693 |  25.7 |      40 |       2 |   4.8
     Lair:4 |    4034 |    1043 |  20.5 |      17 |       2 |  10.5
     Lair:5 |   10340 |    4149 |  28.6 |      35 |       8 |  18.6
     Lair:6 |   11863 |   11816 |  49.9 |      25 |      37 |  59.7
   Spider:1 |   11928 |    1718 |  12.6 |      39 |       2 |   4.9
   Spider:2 |   12057 |    1761 |  12.7 |      30 |       4 |  11.8
   Spider:3 |    6363 |       0 |   0.0 |      21 |       0 |   0.0
      Orc:1 |    3031 |       0 |   0.0 |      27 |       0 |   0.0
      Orc:2 |    4185 |   21842 |  83.9 |      52 |      46 |  46.9
   Depths:1 |    3915 |       0 |   0.0 |       5 |       0 |   0.0
    Ossuary |       0 |      97 | 100.0 |       0 |      21 | 100.0
            +---------+---------+-------+---------+---------+-------
